 Dungeon Crawl Stone Soup version 0.25-a0-781-gc44aebf4fe (webtiles) character file.

Game seed: 11982119295202885350, levelgen mode: deterministic

76 Heliosone the Conjurer (level 4, 0/24 HPs)
             Began as a Tengu Fire Elementalist on Apr 16, 2020.
             Was an Initiate of Vehumet.
             Slain by an orc priest
             ... wielding a cursed +0 dagger
              (5 damage)
             ... on level 3 of the Dungeon.
             The game lasted 00:05:31 (2176 turns).

Heliosone the Conjurer (Tengu Fire Elementalist)    Turns: 2176, Time: 00:05:32

Health: 0/24       AC:  2    Str:  8    XL:     4   Next: 32%
Magic:  2/8        EV: 13    Int: 16    God:    Vehumet [......]
Gold:   65         SH:  0    Dex: 15    Spells: 3/7 levels left

rFire    . . .     SeeInvis .   m - +2 dagger (venom)
rCold    . . .     Gourm    .   (no shield)
rNeg     . . .     Faith    .   a - +0 robe
rPois    .         Spirit   .   (helmet restricted)
rElec    .         Reflect  .   (no cloak)
rCorr    .         Harm     .   (no gloves)
MR       +....                  (boots unavailable)
Stlth    ++........             (no amulet)
HPRegen  0.08/turn              d - ring of protection from magic
MPRegen  0.11/turn              (no ring)

@: no status effects
A: beak, talons 3
a: Renounce Religion


You were on level 3 of the Dungeon.
You worshipped Vehumet.
Vehumet was noncommittal.
You were not hungry.

You visited 1 branch of the dungeon, and saw 3 of its levels.

You collected 65 gold pieces.

Inventory:

Hand Weapons
 b - a +0 short sword
 k - a +1 dagger of speed
 m - a +2 dagger of venom (weapon)
Armour
 a - a +0 robe (worn)
 f - a +0 kite shield
Jewellery
 d - a ring of protection from magic (left hand)
Scrolls
 e - a scroll of fog {unknown}
 i - 3 scrolls of teleportation {unknown}
 l - a scroll of remove curse {unknown}
 n - a scroll of random uselessness {unknown}
 q - a scroll of identify {unknown}
Potions
 g - a potion of heal wounds {unknown}
 h - a potion of stabbing {unknown}
 j - 2 potions of degeneration {unknown}
 o - 3 potions of curing {unknown}
Comestibles
 c - 5 rations
 p - 2 chunks of flesh


   Skills:
 - Level 2.1 Dodging
 - Level 2.0 Stealth
 - Level 2.0 Spellcasting
 + Level 5.2 Conjurations
 + Level 3.4 Fire Magic


You had 3 spell levels left.
You knew the following spells:

 Your Spells              Type           Power        Failure   Level  Hunger
a - Foxfire               Conj/Fire      ###.         3%          1    #......
b - Conjure Flame         Conj/Fire      ###.....     11%         3    ###....

Your spell library contained the following spells:

 Spells                   Type           Power        Failure   Level  Hunger
 Inner Flame              Hex/Fire       #.......     30%         3    ###....
 Sticky Flame             Conj/Fire      ###.....     34%         4    #####..
 Fireball                 Conj/Fire      ###.......   67%         5    ######.


Dungeon Overview and Level Annotations

Branches:
Dungeon (3/15)

Altars:
Makhleb
Okawaru
Qazlal
Vehumet
Xom


Innate Abilities, Weirdness & Mutations

You have a beak for a mouth.
You have claws for feet.


Message History

Attack!
The foxfire hits the orc.
The orc is heavily wounded.
The foxfire hits the orc but does no damage.
The orc is heavily wounded.
Casting: Foxfire (safe; 3% risk of failure)
Confirm with . or Enter, or press ? or * to list all spells.
You conjure some foxfire!
The orc barely misses you.
The foxfire hits the orc priest.
The orc priest is moderately wounded.
You closely miss the orc priest. Your kick misses the orc priest.
The orc priest is moderately wounded.
The foxfire hits the orc priest.
The orc priest is heavily wounded.
The orc hits you with a +0 dagger.
Casting: Foxfire (safe; 3% risk of failure)
Confirm with . or Enter, or press ? or * to list all spells.
You conjure some foxfire!
The orc hits you with a +0 dagger.
* * * LOW HITPOINT WARNING * * *
The orc priest hits you with a cursed +0 dagger.
You die...

.......####.####.#
................#
#..............# #
#....###..##.#.#
.#.#......<.......## #
......)...#........#.#
#.##.#.#.............
.#.##.o.v...#.....##
.))...o@...###....#
....$..v..........#
.........#.).).#..#
........##.._..##.#
.........#.).).# ...
................ ##.
...!###....###.. #
.... #.#.. ... #. ..


You could see an orc priest and an orc.

Vanquished Creatures
  Terence (D:2)
  An adder (D:2)
  2 orcs (D:3)
  2 ball pythons (D:2)
  4 bats
  5 giant cockroaches
  6 goblins
  4 hobgoblins
  2 jackals (D:2)
  7 kobolds
  2 frilled lizards
  2 rats (D:2)
38 creatures vanquished.

Vanquished Creatures (others)
  83 foxfires
83 creatures vanquished.

Grand Total: 121 creatures vanquished

Notes
Turn   | Place    | Note
-------+----------+-------------------------------------------
     0 | D:1      | Heliosone the Tengu Fire Elementalist began the quest for
                  | the Orb.
     0 | D:1      | Reached XP level 1. HP: 10/10 MP: 4/4
    55 | D:1      | Reached skill level 2 in Conjurations
   228 | D:1      | Reached XP level 2. HP: 15/15 MP: 4/6
   288 | D:1      | Reached skill level 3 in Conjurations
   870 | D:2      | Noticed Terence
   881 | D:2      | Killed Terence
   881 | D:2      | Reached skill level 4 in Conjurations
   881 | D:2      | Reached XP level 3. HP: 13/19 MP: 0/7
  1027 | D:2      | Found a stormy altar of Qazlal.
  1193 | D:2      | Learned a level 3 spell: Conjure Flame
  1263 | D:2      | Reached skill level 5 in Conjurations
  1263 | D:2      | Reached XP level 4. HP: 24/24 MP: 5/8
  1721 | D:2      | Found a burning altar of Makhleb.
  1723 | D:2      | Found a shimmering altar of Xom.
  2118 | D:3      | Found an iron altar of Okawaru.
  2126 | D:3      | Found a radiant altar of Vehumet.
  2150 | D:3      | Became a worshipper of Vehumet
  2176 | D:3      | Slain by an orc priest

Levels and vault maps discovered:
D:1:      dpeg_arrival_tiny_a, layout_basic
D:2:      layout_loops_ring, minitemple, nicolae_qazlal_general_emergency,
          uniq_terence
D:3:      layout_basic, overflow_temple_1_default, old_standard_altar,
          chequers_ecumenical_altar_simple_redux, minmay_misc_feat_four_crosses,
          okawaru_ov_weapons_minmay

Skill      XL: |  1  2  3 |
---------------+----------+-----
Conjurations   | 2 4 5 |  5.2
Dodging        | |  2.1
Stealth        | |  2.0
Spellcasting   | |  2.0
Fire Magic     | |  3.4

Action                   |  1- 3 |  4- 6 || total
-------------------------+-------+-------++-------
Melee: Unarmed           |     2 |       ||     2
       Kick              |     5 |     3 ||     8
       Dagger            |     7 |    10 ||    17
       Short sword       |     5 |       ||     5
       Peck              |     2 |     2 ||     4
 Cast: Foxfire           |    41 |    22 ||    63
 Stab: Sleeping          |       |     1 ||     1
  Eat: Chunk             |     2 |     3 ||     5
Armor: Robe              |    10 |     3 ||    13
Dodge: Dodged            |    27 |     6 ||    33

Table legend:
 A = Non-vault XP
 B = Vault XP
 C = Vault XP percentage of total XP
 D = Non-vault monster count
 E = Vault monster count
 F = Vault count percentage of total count
                 A         B        C        D         E       F
            +---------+---------+-------+---------+---------+-------
      Total |      77 |      32 |  29.4 |      37 |       1 |   2.6
            +---------+---------+-------+---------+---------+-------
        D:1 |      22 |       0 |   0.0 |      13 |       0 |   0.0
        D:2 |      48 |      32 |  40.0 |      21 |       1 |   4.5
        D:3 |       7 |       0 |   0.0 |       3 |       0 |   0.0
            +---------+---------+-------+---------+---------+-------
